 Dungeon Crawl Stone Soup version 0.20-a0-731-gecde0bf (webtiles) character file.

1388 Alarkh the Magician (level 8, -5/52 HPs)
             Began as a Mummy Summoner on Feb 22, 2017.
             Was a Follower of Okawaru.
             Killed from afar by an orc wizard (7 damage)
             ... with a magic dart
             ... on level 6 of the Dungeon.
             The game lasted 00:13:59 (6788 turns).

Alarkh the Magician (Mummy Summoner)                Turns: 6788, Time: 00:14:00

Health: -5/52      AC:  3    Str: 13    XL:     8   Next: 40%
Magic:  11/18      EV: 12    Int: 17    God:    Okawaru [*.....]
Gold:   409        SH:  0    Dex: 12    Spells: 5/20 levels left

rFire    x . .     SeeInvis .   a - +1 whip (elec)
rCold    + . .     Gourm    .   u - +0 robe
rNeg     + + +     Faith    .   (no shield)
rPois    ∞         Spirit   .   (no helmet)
rElec    .         Reflect  .   q - +0 cloak
rCorr    .         Harm     .   (no gloves)
MR       +....                  (no boots)
Stlth    +++.......             (no amulet)
Regen    0.2/turn               w - +2 ring of strength
MPRegen  0.2/turn               i - ring of stealth

@: no status effects
A: no food or potions, fire vulnerability, cold resistance 1, negative energy
resistance 3, torment resistance, unbreathing
a: Heroism, Renounce Religion


You were on level 6 of the Dungeon.
You worshipped Okawaru.
Okawaru was aware of your devotion.
You were not hungry.

You visited 2 branches of the dungeon, and saw 10 of its levels.
You also visited: Sewer.

You collected 409 gold pieces.

Inventory:

Hand Weapons
 a - a +1 whip of electrocution (weapon)
 d - a +0 dagger
 h - a +0 dagger of draining
 s - a +0 trident
 t - a +0 falchion
Armour
 q - a +0 cloak (worn)
 u - a +0 robe (worn)
Jewellery
 i - a ring of stealth (left hand)
 p - an uncursed ring of ice
 w - a +2 ring of strength (right hand)
Wands
 x - a wand of enslavement (10/24)
Scrolls
 c - a scroll of immolation
 e - a scroll of identify
 f - 2 scrolls of magic mapping
 g - 4 scrolls of enchant armour
 j - 2 scrolls of recharging
 k - a scroll of remove curse
 l - 4 scrolls of teleportation
 m - a scroll of enchant weapon {unknown}
 n - 3 scrolls of fear {unknown}
 o - a scroll of random uselessness {unknown}
 r - a scroll of fog {unknown}
 v - a scroll of blinking {unknown}
Books
 b - a book of Callings

   Spells                             Type                      Level
   a - Summon Small Mammal            Summoning                    1
   b - Call Imp                       Summoning                    2
   c - Call Canine Familiar           Summoning                    3
   d - Summon Guardian Golem          Hexes/Summoning              3
   e - Summon Lightning Spire         Summoning/Air                4
   f - Summon Ice Beast               Ice/Summoning                4


   Skills:
 * Level 4.5 Long Blades
 - Level 1.5 Dodging
 - Level 1.5 Stealth
 + Level 6.7 Spellcasting
 * Level 6.7 Summonings


You had 5 spell levels left.
You knew the following spells:

 Your Spells              Type           Power        Failure   Level  Hunger
a - Call Canine Familiar  Summ           ####....     2%          3    N/A
b - Summon Small Mammal   Summ           ####         1%          1    N/A
c - Summon Guardian Gole  Hex/Summ       ###.....     10%         3    N/A
d - Summon Ice Beast      Ice/Summ       ###.....     30%         4    N/A
e - Summon Lightning Spi  Summ/Air       ###.....     30%         4    N/A

Dungeon Overview and Level Annotations

Branches:
Dungeon (9/15)             Temple (1/1) D:5
   Lair: D:8-11         Orc: D:9-12

Altars:
Ashenzari
Dithmenos
Elyvilon
Fedhas
Kikubaaqudgha
Makhleb
Nemelex Xobeh
Okawaru
Qazlal
Ru
Sif Muna
Trog
Uskayaw
Vehumet
Wu Jian
Yredelemnul
Zin
The Shining One

Shops:
D:5 !

Annotations:
D:8 Ferkelamun's ghost, novice SpEn


Innate Abilities, Weirdness & Mutations

You do not eat or drink.
Your flesh is vulnerable to fire.
You are immune to poison.
Your flesh is cold resistant. (rC+)
You are immune to negative energy. (rN+++)
You are immune to unholy pain and torment.
You can survive without breathing.


Message History

Your quokka's corpse disappears in a puff of smoke!
Your hound closely misses something.
Your hound closely misses something.
Your hound bites something.
Something hits your hound.
Your hound closely misses something.
Your hound bites something.
You hear some strange, mumbled words.
Your hound appears confused.
Your hound bites you.
* * * LOW HITPOINT WARNING * * *
Something hits you but does no damage.
Things that are here:
a short sword; an orc corpse A magic dart appears from out of thin air!
The magic dart hits you!
* * * LOW HITPOINT WARNING * * *
Something hits your hound.
A magic dart appears from out of thin air!
The magic dart hits you!
You die...

#........## #.)##
#........# ##...###
##...)..## ##......##
#(.....# ##.).......#
#...rr##
##........#...#
#....## ##.........#
#..
##....####..........#
#
#..#..##............#
####...@............#
#................#
##................
##...............
###..............
###...)...........
#.....)..#######.
#.....)### #........
###.....## #........


There were no monsters in sight!

Vanquished Creatures
  A hippogriff (D:8)
  A phantom (D:5)
  A crocodile (D:3)
  A crimson imp (D:8)
  A hound (D:7)
  2 orc priests
  An orc wizard (D:7)
  Natasha (twice) (D:3)
  A worker ant (D:6)
  2 adders
  A shadow imp (D:6)
  An ooze (D:2)
  An adder zombie (D:6)
  3 worms
  2 dart slugs
  A leopard gecko (D:4)
  11 orcs
  3 ball pythons
  A giant cockroach (D:1)
  7 goblins
  2 hobgoblins (D:1)
  11 jackals
  A quokka (D:3)
  4 bats
  6 frilled lizards
  A jackal skeleton (D:4)
  6 kobolds
  5 rats
80 creatures vanquished.

Vanquished Creatures (collateral kills)
  Pikel (D:4)
  Sigmund (D:3)
  The ghost of Gorglomux the Covert, an amateur SpAs of Kikubaaqudgha (D:4)
  A water moccasin (D:8)
  A slave (D:4)
  An ogre (D:6)
  A bullfrog (D:6)
  A hound (D:8)
  2 bullfrog skeletons
  An orc priest (D:8)
  3 orc wizards
  Natasha (D:3)
  2 worker ants
  An adder (D:3)
  A shadow imp (D:6)
  2 worms
  3 dart slugs
  14 orcs
  2 bats
  A giant cockroach (D:3)
  2 goblins (D:1)
  2 hobgoblins
  7 jackals
  A kobold (D:1)
  A quokka (D:2)
  2 ball pythons (D:3)
  3 frilled lizards
  A quokka zombie (D:6)
  A rat (D:1)
61 creatures vanquished.

Vanquished Creatures (others)
  2 gnolls (D:4)
  A quokka (D:2)
3 creatures vanquished.

Grand Total: 144 creatures vanquished

Notes
Turn   | Place    | Note
-------+----------+-------------------------------------------
     0 | D:1      | Alarkh the Mummy Summoner began the quest for the Orb.
     0 | D:1      | Reached XP level 1. HP: 13/13 MP: 4/4
   577 | D:1      | Reached XP level 2. HP: 8/19 MP: 3/6
  1343 | D:2      | Reached XP level 3. HP: 21/24 MP: 3/7
  1503 | D:2      | Found a white marble altar of Elyvilon.
  1960 | D:2      | Reached XP level 4. HP: 9/30 MP: 8/10
  2364 | D:3      | Found a glowing drain.
  2371 | Sewer    | Entered a sewer
  2437 | Sewer    | Noticed a crocodile
  2465 | Sewer    | Learned a level 3 spell: Call Canine Familiar
  2672 | D:3      | Killed a crocodile
  2891 | D:3      | Noticed Natasha
  2891 | D:3      | Found an ancient bone altar of Kikubaaqudgha.
  2923 | D:3      | Killed Natasha
  2923 | D:3      | Reached XP level 5. HP: 12/35 MP: 7/12
  3246 | D:3      | Noticed Sigmund
  3311 | D:3      | Killed Sigmund
  3311 | D:3      | Reached skill level 1 in Long Blades
  3311 | D:3      | Reached skill level 5 in Spellcasting
  3311 | D:3      | Reached XP level 6. HP: 13/41 MP: 3/13
  3316 | D:3      | Learned a level 3 spell: Summon Guardian Golem
  3321 | D:3      | Learned a level 4 spell: Summon Ice Beast
  3326 | D:3      | Learned a level 4 spell: Summon Lightning Spire
  3811 | D:3      | Noticed Natasha
  3823 | D:3      | Killed Natasha
  3823 | D:3      | Reached skill level 5 in Summonings
  4033 | D:3      | Noticed Natasha
  4042 | D:3      | Killed Natasha
  4198 | D:4      | Noticed Gorglomux's ghost (amateur SpAs)
  4225 | D:4      | Killed Gorglomux's ghost
  4516 | D:4      | Found a sparkling altar of Nemelex Xobeh.
  4793 | D:4      | Noticed a slave
  4794 | D:4      | Noticed a slave
  4794 | D:4      | Noticed Pikel
  4795 | D:4      | Noticed a slave
  4819 | D:4      | Noticed a slave
  4824 | D:4      | Killed Pikel
  4824 | D:4      | Reached XP level 7. HP: 46/46 MP: 13/15
  5123 | D:5      | Entered Level 5 of the Dungeon
  5133 | D:5      | Found Zotriokite's Distillery.
  5148 | D:5      | Found a staircase to the Ecumenical Temple.
  5166 | Temple   | Entered the Ecumenical Temple
  5224 | Temple   | Became a worshipper of Warmaster Okawaru
  5423 | D:5      | You fall through a shaft for 3 floors!
  5427 | D:8      | Noticed Ferkelamun's ghost (novice SpEn)
  5663 | D:8      | Noticed a hippogriff
  5688 | D:8      | Killed a hippogriff
  5688 | D:8      | Reached XP level 8. HP: 15/52 MP: 0/17
  5878 | D:8      | Reached * piety under Okawaru
  6554 | D:6      | Found a sacrificial altar of Ru.
  6554 | D:6      | Found a glowing silver altar of Zin.
  6783 | D:6      | HP: 1/52 [something/magic dart (4)]
  6788 | D:6      | Killed from afar by an orc wizard

Vault maps used:
D:1:      roderic_crop_circles_arrival_small
D:2:      elyvilon_altar_4
D:3:      kiku_gazebo_pond_becter, lightli_sewer_entry_pipes, serial_glass,
          glass_columns_a, glass_columns_b, glass_columns_a, glass_columns_a,
          glass_columns_c, glass_columns_b, glass_columns_b, glass_columns_a,
          uniq_sigmund, uniq_natasha
D:4:      lemuel_coloured_pillars_altar, uniq_pikel
D:5:      kennysheep_big_flooded_room, minmay_temple_entry_overgrown,
          serial_shops, nicolae_shop_waterfront, first_bread
D:6:      regret_index_temple_of_mockery, kennysheep_little_box,
          gammafunk_temple_overflow_statue
D:7:      uniq_prince_ribbit1, uniq_crazy_yiuf_cottage, uniq_menkaure
D:8:      nicolae_gozag_cash_rules_everything_around_me
D:9:      cheibrodos_shockbox
Temple:   cyrus_circular_temple
Sewer:    sewer_the_crocodile

Skill      XL: |  1  2  3  4  5  6  7 |
---------------+----------------------+-----
Spellcasting   | 3 4 5 6 |  6.7
Summonings     | 4 5 6 |  6.7
Long Blades    | 1 3 4 |  4.5
Dodging        | |  1.5
Stealth        | |  1.5

Action                   |  1- 3 |  4- 6 |  7- 9 || total
-------------------------+-------+-------+-------++-------
Melee: Dagger            |   120 |   128 |       ||   248
       Unarmed           |     6 |       |       ||     6
       Falchion          |       |     9 |       ||     9
       Whip              |       |       |   106 ||   106
 Cast: Summon Small Mamm |    35 |    26 |    10 ||    71
       Call Canine Famil |       |    14 |    27 ||    41
       Summon Guardian G |       |     2 |     2 ||     4
  Use: Scroll            |     1 |     7 |     1 ||     9
 Stab: Sleeping          |     5 |     5 |       ||    10
       Distracted        |       |       |     1 ||     1
Armor: Robe              |    26 |    31 |    22 ||    79
Dodge: Dodged            |    89 |   104 |    70 ||   263
       Rpst.: Falchion   |       |     2 |       ||     2
